AoeStats
← 我说狂阿七比肥龙强,B站关注狂阿七谢谢喵

Arena

509348336Analyzed
2v2 RM · 6d ago on Sep 26, 2026· 31m 48s· 4 players
Game mode
Random Map
Map size
Medium (4 player)
Population
200
Speed
Normal
Resources
Standard
Victory
Conquest
Starting age
Dark Age
Ending age
Imperial Age
RankedLock teamsTeams togetherTeam positionsShared explorationLock speedFull tech treeHidden civsTurbo modeCheats
Victory
Defeat
🇨🇳 Chinese · China
910
+19
🇫🇷 Berbers · France
895
+20
🇨🇳 Poles · China
964
-19
Jubi
11:18 Feudal Age
12:23 Double-Bit Axe
12:20 Horse Collar
15:17 Stone Mining
17:28 Wheelbarrow
21:03 Castle Age
22:21 Gold Mining
27:25 Bow Saw
27:18 Heavy Plow
28:01 Gold Shaft Mining
28:00 Fletching
29:36 Hand Cart
30:36 Stone Shaft Mining
30:59 Thumb Ring
欧皇
11:42 Feudal Age
12:43 Double-Bit Axe
15:35 Horse Collar
20:08 Wheelbarrow
19:20 Town Watch
23:23 Castle Age
22:23 Loom
22:37 Gold Mining
22:37 Stone Mining
28:13 Fortified Wall
30:54 Imperial Age
31:02 Imperial Age
29:57 Gold Shaft Mining
29:37 Bow Saw
29:33 Heavy Plow
30:31 Masonry
31:27 Fletching
31:38 Padded Archer Armor
我说狂阿七比肥龙强,B站关注狂阿七谢谢喵
9:59 Feudal Age
12:46 Castle Age
10:32 Double-Bit Axe
11:09 Horse Collar
13:43 Bow Saw
18:40 Wheelbarrow
20:24 Heavy Plow
22:12 Gold Mining
23:51 Gold Shaft Mining
26:58 Imperial Age
25:22 Hand Cart
24:54 Loom
24:54 Town Watch
26:38 Scale Barding Armor
26:50 Forging
27:03 Bloodlines
26:53 Husbandry
27:40 Chain Barding Armor
28:00 Conscription
27:02 Elite Battle Elephant
28:19 Iron Casting
29:05 Plate Barding Armor
28:32 Tusk Swords
30:10 Blast Furnace
30:42 Crop Rotation
30:05 Fletching
qbe
10:33 Feudal Age
11:19 Double-Bit Axe
14:23 Castle Age
12:25 Horse Collar
15:30 Heavy Plow
15:43 Bow Saw
19:26 Wheelbarrow
23:19 Hand Cart
27:46 Imperial Age
25:39 Loom
26:05 Gold Mining
26:49 Ballistics
26:22 Fletching
26:56 Forging
26:30 Treadmill Crane
27:33 Bodkin Arrow
27:44 Scale Barding Armor
27:33 Stone Mining
29:53 Chemistry
28:59 Siege Engineers
29:42 Crop Rotation
29:36 Conscription
29:37 Lechitic Legacy
29:54 Iron Casting
29:40 Chain Barding Armor
29:21 Bracer
30:03 Fortified Wall
29:41 Town Watch
30:32 Bloodlines
30:22 Husbandry
29:42 Light Cavalry
32:09 Blast Furnace
31:35 Fervor
30:51 Winged Hussar
32:11 Masonry
31:56 Murder Holes
Connection lost

Rejoining the realm…

Still unreachable

The connection could not be restored.

Session expired

The server has moved on; the page needs a fresh start.